 Dungeon Crawl Stone Soup version 0.30-a0-652-gcc886f7154 (webtiles) character file.

Game seed: 9692343118376560015

126 Leeroy the Slasher (level 5, 0/30 HPs)
             Began as a Tengu Warper on Jan 17, 2023.
             Slain by a gnoll
             ... wielding a +0 whip of venom
              (8 damage)
             ... on level 4 of the Dungeon.
             The game lasted 00:03:32 (2056 turns).

Leeroy the Slasher (Tengu Warper)                   Turns: 2056, Time: 00:03:33

Health: 0/30       AC:  4    Str: 11    XL:     5   Next: 10%
Magic:  9/9        EV: 14    Int: 13    God:
Gold:   178        SH:  0    Dex: 16    Spells: 6/8 levels left

rFire   . . .      SeeInvis .    a - +0 falchion
rCold   . . .      Faith    .    (no shield)
rNeg    . . .      Spirit   .    b - +0 leather armour
rPois   .          Reflect  .    (helmet restricted)
rElec   .          Harm     .    t - +0 cloak
rCorr   .          Rampage  .    (no gloves)
Will    .....                    (boots unavailable)
Stlth   +                        (no amulet)
HPRegen 0.25/turn                (no ring)
MPRegen 0.11/turn                (no ring)

@: flying quickly and evasively, quick
A: beak, talons 3, nimble flight
a: no special abilities


You were on level 4 of the Dungeon.
You visited 1 branch of the dungeon, and saw 4 of its levels.

You collected 178 gold pieces.

Inventory:

Hand Weapons
 a - a +0 falchion (weapon)
 q - a +1 dagger of holy wrath
Missiles
 d - 7 boomerangs of dispersal (quivered)
 n - 5 boomerangs
 r - 2 throwing nets
Armour
 b - a +0 leather armour (worn)
 t - a +0 cloak (worn)
Scrolls
 c - 3 scrolls of blinking
 e - 2 scrolls of enchant armour {unknown}
 g - 2 scrolls of enchant weapon {unknown}
 m - a scroll of vulnerability {unknown}
 o - a scroll of teleportation {unknown}
 p - a scroll of noise {unknown}
Potions
 f - 3 potions of curing {unknown}
 h - a potion of flight {unknown}
 i - 2 potions of heal wounds
 j - a potion of attraction {unknown}
 k - a potion of experience {unknown}
 l - a potion of brilliance {unknown}
 s - a potion of berserk rage {unknown}


   Skills:
 - Level 2.0 Fighting
 + Level 5.6 Long Blades
 - Level 1.0 Throwing
 - Level 1.1 Armour
 - Level 2.1 Dodging
 - Level 2.0 Spellcasting
 - Level 2.4 Translocations


You had 6 spell levels left.
You knew the following spells:

 Your Spells              Type           Power      Damage    Failure   Level
a - Blink                 Tloc           14%        N/A       19%         2

Your spell library contained the following spells:

 Spells                   Type           Power      Damage    Failure   Level
 Lesser Beckoning         Tloc           14%        N/A       19%         2
 Teleport Other           Tloc           7%         N/A       36%         3
 Cigotuvi's Dreadful Rot  Necr/Pois/Air  2%         N/A       45%         2
 Poisonous Vapours        Pois/Air       2%         N/A       45%         2
 Vhi's Electric Charge    Tloc/Air       8%         N/A       52%         3
 Mephitic Cloud           Conj/Pois/Air  1%         N/A       69%         3
 Stone Arrow              Conj/Erth      2%         3d7       69%         3
 Manifold Assault         Tloc           7%         N/A       77%         4
 Animate Armour           Summ/Erth      2%         N/A       97%         4
 Iskenderun's Battlesphe  Conj           1%         2d6       100%        5
 Iron Shot                Conj/Erth      0%         9d1       100%        6
 Spellforged Servitor     Conj/Summ      0%         N/A       100%        7
 Lehudib's Crystal Spear  Conj/Erth      0%         10d2      100%        8


Dungeon Overview and Level Annotations

Branches:
Dungeon (4/15)
 Temple: D:4-7

Altars:

Shops:
D:1 *

Annotations:
D:3 Grinder


Innate Abilities, Weirdness & Mutations

You have a beak for a mouth.
You have claws for feet.
Your magical nature lets you fly swiftly and evasively.


Message History

The gnoll barely misses you. The gnoll closely misses you.
The gnoll hits you with a +0 halberd!
You closely miss the gnoll. You punch the gnoll.
The gnoll is lightly wounded.
The gnoll closely misses you. The gnoll barely misses you.
You slash the gnoll! Your kick misses the gnoll. You peck the gnoll.
You kill the gnoll!
The gnoll barely misses you.
You have reached level 5!
Your magical nature develops, letting you fly swiftly and evasively.
The gnoll barely misses you.
Things that are here:
a +0 halberd; a +0 flail; a gnoll corpse You slash the gnoll!
You claw the gnoll, but do no damage. You peck the gnoll.
The gnoll is almost dead.
The gnoll hits you with a +0 spear.
You barely miss the gnoll.
The gnoll is almost dead.
The gnoll hits you with a +0 spear!
* * * LOW HITPOINT WARNING * * *
You hit the gnoll.
You kill the gnoll!
You hit the gnoll. Your kick misses the gnoll. Your peck misses the gnoll.
The gnoll is lightly wounded.
The gnoll misses you.
You hit the gnoll but do no damage. You claw the gnoll.
Your peck misses the gnoll.
The gnoll is heavily wounded.
The gnoll hits you with a +0 whip of venom.
* * * LOW HITPOINT WARNING * * *
You barely miss the gnoll. You claw the gnoll, but do no damage.
The gnoll is heavily wounded.
The gnoll barely misses you.
You closely miss the gnoll.
The gnoll is heavily wounded.
The gnoll closely misses you.
You hit the gnoll but do no damage. You peck the gnoll.
The gnoll is severely wounded.
The gnoll hits you with a +0 whip of venom!
You die...

#. #. #. ###.
#######.#.#####
..............#
...........##.# ##.
........#..##.####.....
....... #..##..@g......
....... #..#######.....
.......##..#### ##.
..............#
########...##.# ##
###...##.#
....###........#
#....<.......#
#####........#


You could see a gnoll.

Vanquished Creatures
  Jessica (D:2)
  3 adders
  3 gnolls (D:4)
  2 worms (D:2)
  3 dart slugs (D:2)
  3 endoplasms
  2 giant cockroaches (D:2)
  3 hobgoblins
  2 quokkas
  3 ball pythons
  5 bats (D:2)
  3 frilled lizards (D:2)
  6 kobolds
  A rat (D:2)
40 creatures vanquished.

Notes
Turn   | Place    | Note
-------+----------+-------------------------------------------
     0 | D:1      | Leeroy the Tengu Warper began the quest for the Orb.
     0 | D:1      | Reached XP level 1. HP: 12/12 MP: 4/4
   124 | D:1      | Found Ukhecs Deshre's General Store.
   602 | D:2      | Reached XP level 2. HP: 17/17 MP: 6/6
   605 | D:2      | Reached skill level 3 in Long Blades
   691 | D:2      | Noticed Jessica
   698 | D:2      | Killed Jessica
   699 | D:2      | Reached skill level 4 in Long Blades
   699 | D:2      | Reached XP level 3. HP: 8/21 MP: 7/7
   848 | D:2      | Reached XP level 4. HP: 26/26 MP: 8/8
  1441 | D:2      | Reached skill level 5 in Long Blades
  1699 | D:3      | Noticed Grinder
  2041 | D:4      | Learned a level 2 spell: Blink
  2048 | D:4      | Gained mutation: Your magical nature lets you fly swiftly
                  | and evasively. [Tengu growth]
  2048 | D:4      | Reached XP level 5. HP: 20/30 MP: 9/9
  2056 | D:4      | Slain by a gnoll

Illustrated notes

Levels and vault maps discovered:
D:1:      dpeg_arrival_arbitrary_b, layout_basic, serial_shops,
          nicolae_shop_statue_plus
D:2:      layout_basic, minmay_hexomino_u4, uniq_jessica
D:3:      layout_rooms, shapermc_ecumenical_altar_acropolis,
          kennysheep_generic_room_11, uniq_grinder
D:4:      layout_loops_cross, zin_purify, serial_shops,
          nicolae_shop_hallway_stairs, nicolae_titane

Skill      XL: |  1  2  3  4 |
---------------+-------------+-----
Long Blades    | 4 5 |  5.6
Fighting       | |  2.0
Throwing       | |  1.0
Armour         | |  1.1
Dodging        | |  2.1
Spellcasting   | |  2.0
Translocations | |  2.4

Action                   |  1- 3 |  4- 6 || total
-------------------------+-------+-------++-------
Melee: Falchion          |    48 |    51 ||    99
       Kick              |     9 |    17 ||    26
       Peck              |     7 |    12 ||    19
       Punch             |     2 |     1 ||     3
  Use: Potion            |     1 |       ||     1
 Stab: Sleeping          |     1 |     1 ||     2
Armor: Leather armour    |    12 |    10 ||    22
Dodge: Dodged            |    20 |    34 ||    54

Table legend: (Time is in decaauts)
 A = Elapsed time spent in this place.
 B = Non-inter-level travel time spent in this place.
 C = Inter-level travel time spent in this place.
 D = Time resting spent in this place.
 E = Time spent auto-exploring this place.
 F = Levels seen in this place.
 G = Mean time per level.
                   A        B        C        D        E       F      G
               +--------+--------+--------+--------+--------+-----+--------+
         Total |   2064 |   1940 |    124 |      0 |   1552 |   4 |  516.0 |
       Dungeon |   2064 |   1940 |    124 |      0 |   1552 |   4 |  516.0 |
               +--------+--------+--------+--------+--------+-----+--------+

Top non-repeatable levels by time:
     D:2: 1207 daAuts
     D:1: 589 daAuts
     D:3: 225 daAuts
     D:4: 42 daAuts
